 Dungeon Crawl Stone Soup version 0.30-a0-757-ga6a79fd877 (webtiles) character file.

Game seed: 1249536070842463564

67678 AzureAlchemist the Spear-Bearer (level 14, -2/180 HPs)
             Began as a Demonspawn Berserker on Feb 8, 2023.
             Was the Champion of Trog.
             Slain by a catoblepas (14 damage)
             ... on level 13 of the Dungeon on Feb 9, 2023.
             The game lasted 01:01:50 (19662 turns).

AzureAlchemist the Spear-Bearer (DsBe)             Turns: 19662, Time: 01:01:50

Health: -2/180     AC: 13    Str: 20    XL:     14   Next: 83%
Magic:  14/14      EV: 17    Int:  5    God:    Trog [******]
Gold:   1476       SH:  0    Dex: 23    Spells: 13/13 levels left

rFire   + . .      SeeInvis .    a - +0 trident (drain)
rCold   . . .      Faith    .    (no shield)
rNeg    . . .      Spirit   .    s - +3 leather armour {rF+}
rPois   .          Reflect  .    (no helmet)
rElec   .          Harm     .    D - +1 cloak
rCorr   .          Rampage  .    (no gloves)
Will    +....                    B - +2 pair of boots of Insatiable Hunger {*Slow Fly Regen+ Int-4} Stlth
                                 (no amulet)
HPRegen 4.30/turn                J - +5 ring of evasion
MPRegen 0.14/turn                I - +6 ring of dexterity

@: berserking, lethally poisoned (-2 -> -33), about to teleport, petrifying
(expiring), flying
A: thin skeletal structure 1, foul stench 2, powered by death 3, corrupting
presence 1, demonic touch 1
a: Renounce Religion, Berserk, Trog's Hand, Brothers in Arms


You were on level 13 of the Dungeon.
You worshipped Trog.
Trog was exalted by your worship.
You visited 2 branches of the dungeon, and saw 18 of its levels.
You also visited: Volcano.

You collected 1476 gold pieces.

Inventory:

Hand Weapons
 a - a +0 trident of draining (weapon)
 b - a +1 hand crossbow of flaming
 N - a +1 lajatang of pain
Missiles
 E - a throwing net
Armour
 p - +0 fire dragon scales
 s - a +3 leather armour of fire resistance (worn)
 B - the +2 pair of boots of Insatiable Hunger (worn) {*Slow Fly Regen+ Int-4}
   (You found it on level 11 of the Dungeon)

   Int:       It affects your intelligence (-4).
   Fly:       It grants you flight.
   Regen:     It increases your rate of health regeneration.
   *Slow:     It may slow you when you take damage.
 D - a +1 cloak (worn)
 F - the +2 leather armour of Haxky {rElec rN+ rCorr Str-2}
   (You found it on level 11 of the Dungeon)

   Str:       It affects your strength (-2).
   rElec:     It insulates you from electricity.
   rN:        It protects you from negative energy.
   rCorr:     It protects you from acid and corrosion.
 O - a +0 helmet of intelligence
Jewellery
 r - a ring of protection from fire
 I - a +6 ring of dexterity (right hand)
 J - a +5 ring of evasion (left hand)
 P - a ring of protection from fire
Wands
 q - a wand of mindburst (3)
 y - a wand of polymorph (13)
 A - a wand of flame (21)
 G - a wand of acid (2)
 K - a wand of paralysis (2)
Scrolls
 d - 2 scrolls of fear
 f - 2 scrolls of poison
 j - a scroll of torment
 l - 3 scrolls of teleportation
 n - 4 scrolls of silence
 t - 2 scrolls of magic mapping
 x - 3 scrolls of enchant armour
 L - a scroll of amnesia
 Q - a scroll of identify
 R - a scroll of blinking
Potions
 c - 2 potions of cancellation
 e - a potion of mutation
 g - 5 potions of haste
 h - 7 potions of curing
 i - 4 potions of heal wounds
 k - 2 potions of invisibility
 m - 3 potions of flight
 o - a potion of ambrosia
 u - a potion of berserk rage
 v - 3 potions of brilliance
 w - 2 potions of resistance
 z - 3 potions of lignification
 C - 3 potions of attraction
 H - 3 potions of might
 M - a potion of magic


   Skills:
 - Level 14.0 Fighting
 - Level 14.0 Polearms
 + Level 8.9 Armour
 - Level 14.0 Dodging


You had 13 spell levels left.
You didn't know any spells.
Your spell library contained the following spells:

 Spells                   Type           Power      Damage    Failure   Level
 Beastly Appendage        Tmut           0%         N/A       52%         1
 Magic Dart               Conj           0%         1d3       52%         1
 Necrotise                Necr           0%         1d4       52%         1
 Call Imp                 Summ           0%         N/A       67%         2
 Ensorcelled Hibernation  Hex/Ice        0%         N/A       67%         2
 Searing Ray              Conj           0%         2d4       67%         2
 Wereblood                Tmut           0%         N/A       67%         2
 Mephitic Cloud           Conj/Pois/Air  0%         N/A       88%         3
 Spider Form              Tmut/Pois      0%         N/A       88%         3
 Vampiric Draining        Necr           0%         2d6       88%         3
 Anguish                  Hex/Necr       0%         N/A       99%         4
 Fulminant Prism          Conj/Hex       0%         3d5       99%         4
 Agony                    Necr           0%         N/A       100%        5
 Fireball                 Conj/Fire      0%         3d3       100%        5
 Iskenderun's Battlesphe  Conj           0%         2d6       100%        5
 Summon Forest            Summ/Tloc      0%         N/A       100%        5
 Conjure Ball Lightning   Conj/Air       0%         3x3d6     100%        6
 Eringya's Noxious Bog    Tmut/Pois      0%         N/A       100%        6
 Orb of Destruction       Conj           0%         9d5       100%        7
 Summon Hydra             Summ           0%         N/A       100%        7


Dungeon Overview and Level Annotations

Branches:
Dungeon (13/15)            Temple (0/1) D:5            Lair (5/5) D:11
  Swamp (0/4) Lair:2       Spider (0/4) Lair:2        Slime (0/5) Lair:4
    Orc (0/2) D:12        Volcano (visited)
 Vaults: D:13-14

Altars:
Ashenzari
Cheibriados
Gozag
Hepliaklqana
Nemelex Xobeh
Qazlal
Ru
Trog
Uskayaw
Vehumet
Xom
Yredelemnul
Jiyva

Shops:
D:1 [   D:4 (   D:12 :

Portals:
Trove: D:11 (give +3 shadow dragon scales)

Annotations:
D:8 1 runed translucent door, NinjaNoafa's ghost, novice MeCj
D:13 1 transporter, Fyzyjia Apiu's ghost, journeyman VSAK
Lair:3 1 runed translucent door, exclusions: door and 1 more exclusion, bronco's ghost, journeyman BaGl


Innate Abilities, Weirdness & Mutations

You have a somewhat thin skeletal structure. (Dex +2, Stealth+)
You sometimes emit foul miasma when damaged in melee.
You regenerate a lot of health from kills.
Your presence sometimes corrodes those you injure.
Your touch may inflict minor irresistible damage on your foes.


Message History

The redback barely misses you. The water moccasin bites you!
* * * LOW HITPOINT WARNING * * *
You emit a cloud of foul miasma!
Fyzyjia Apiu's ghost hits you.
* * * LOW HITPOINT WARNING * * *
You emit a cloud of foul miasma!
The water moccasin is engulfed in dark miasma.
The water moccasin bites you but does no damage.
The redback is engulfed in dark miasma.
The redback looks even sicker.
The redback seems to slow down.
The redback misses you.
The helpless redback fails to defend itself.
You impale the redback!! You drain the redback.
You touch the redback.
The redback is almost dead.
* * * LOW HITPOINT WARNING * * *
You feel extremely sick.
The water moccasin is engulfed in dark miasma.
The water moccasin seems to slow down.
The water moccasin misses you.
Your limbs are stiffening.
The helpless redback fails to defend itself.
You spit the redback like a pig!!!
You kill the redback!
Trog accepts your kill.
* * * LOW HITPOINT WARNING * * *
You feel extremely sick.
The redback is no longer moving slowly.
The water moccasin is no longer moving slowly.
The redback is engulfed in dark miasma.
The redback looks as sick as possible!
The redback bites you!
* * * LOW HITPOINT WARNING * * *
Fyzyjia Apiu's ghost hits you but does no damage.
The moth of wrath goads something on!
You puncture the water moccasin! You drain the water moccasin.
The water moccasin is heavily wounded.
* * * LOW HITPOINT WARNING * * *
You feel extremely sick.
The water moccasin is engulfed in dark miasma.
The water moccasin is poisoned.
The water moccasin seems to slow down.
The water moccasin closely misses you.
The redback is engulfed in dark miasma.
The redback looks as sick as possible!
The redback completely misses you. The catoblepas gores you!!
You die...

#.# #..###...###.#..# #......
#.# #.##.......#.##.# #.#####
#.####.#..#.#...#.##.# #.#
#......#..#.#.s.#).#.# #.#
#..#.#.##.....#.##.#.# #.#
#..#.#..#[.#...#.#.#.# #.#
#..#...©#?[.©#y..#.#.# #.#####
##[###..#/#...sY##.#.# #.##...
#.# #.##?#...#@#©...#####.#.#.#
#.# #.# .#.##SW##.#........###.
#.# #.#.#...#..©#.#.#####.## ##
#.# #.##..#....##.#.# ##.###.
#.###..#......##....# #..#.#
#...^..##.#####....#######.#.##
#.......###................#(#
#######.....#####..#########.#
####### #.## #.#


You could see a catoblepas (berserk), a moth of wrath, a water moccasin
(berserk, poisoned, slow, drained), a redback (berserk, extremely poisoned) and
Fyzyjia Apiu's ghost.

Vanquished Creatures
  Azrael (D:12)
  Josephine (D:13)
  7 hydras
  2 boulder beetles (D:11)
  3 two-headed ogres
  17 death yaks
  A tengu warrior (D:13)
  A hell knight (Volcano)
  A salamander mystic (Volcano)
  3 slime creatures (D:12)
  A deep elf pyromancer (D:13)
  3 salamanders (Volcano)
  5 cyclopes
  7 elephants (Lair:5)
  4 manticores
  2 torpor snails (Lair:5)
  7 black mambas
  22 cane toads
  A gargoyle (D:9)
  A kobold demonologist (D:9)
  2 rime drakes
  2 unseen horrors
  7 komodo dragons
  3 trolls
  4 tyrant leeches
  Grinder (D:6)
  5 polar bears (Lair:4)
  12 dream sheep (Lair:4)
  2 hornets (D:11)
  Prince Ribbit (D:6)
  23 blink frogs
  4 fire elementals (D:12)
  2 shadows (D:11)
  A vampire (D:11)
  3 wyverns
  7 wraiths
  3 basilisks
  22 yaks
  Eustachio (D:4)
  9 fire bats (Volcano)
  16 vampire mosquitoes
  A redback (D:13)
  3 steam dragons
  3 acid dragons (D:11)
  8 water moccasins
  2 hell hounds (D:12)
  7 orc warriors
  A sky beast (D:6)
  2 black bears
  11 wolves (Lair:2)
  5 centaurs
  An ogre (D:4)
  5 phantoms
  2 kobold brigands
  2 necrophages
  4 scorpions
  14 bullfrogs
  8 killer bees (D:9)
  8 howler monkeys
  2 electric eels
  6 lava snakes (Volcano)
  2 hounds
  16 jellies
  A quasit (D:8)
  11 orc priests
  An iron imp (D:12)
  2 iguanas (D:7)
  15 orc wizards
  8 adders
  2 shadow imps (D:7)
  4 white imps
  3 ufetubi (D:8)
  4 worms
  3 dart slugs
  62 orcs
  8 ball pythons
  9 endoplasms
  7 goblins
  7 hobgoblins
  3 jackals (D:5)
  7 quokkas
  6 bats
  6 frilled lizards
  14 kobolds
  7 rats
  A spectral orc (D:6)
524 creatures vanquished.

Vanquished Creatures (others)
  An orc wizard (D:8)
  28 fungi
  104 plants
133 creatures vanquished.

Grand Total: 657 creatures vanquished

Notes
Turn   | Place    | Note
-------+----------+-------------------------------------------
     0 | D:1      | AzureAlchemist the Demonspawn Berserker began the quest for
                  | the Orb.
     0 | D:1      | Reached XP level 1. HP: 18/18 MP: 1/1
   212 | D:1      | Gained mutation: Your touch may inflict minor irresistible
                  | damage on your foes. [demonic ancestry]
   212 | D:1      | Reached XP level 2. HP: 24/24 MP: 2/2
   237 | D:1      | Found Libb's Armour Shoppe.
   735 | D:2      | Found a faded altar of an unknown god.
   744 | D:2      | Gained mutation: You have a somewhat thin skeletal
                  | structure. (Dex +2, Stealth+) [demonic ancestry]
   744 | D:2      | Reached XP level 3. HP: 25/29 MP: 3/3
   747 | D:2      | Reached ** piety under Trog
  1219 | D:2      | Gained mutation: You may rarely emit foul miasma when
                  | damaged in melee. [demonic ancestry]
  1219 | D:2      | Reached XP level 4. HP: 32/35 MP: 4/4
  1837 | D:3      | Reached *** piety under Trog
  1850 | D:3      | Reached skill level 5 in Polearms
  2352 | D:4      | Noticed a necrophage
  2366 | D:3      | Gained mutation: You regenerate a little health from kills.
                  | [demonic ancestry]
  2366 | D:3      | Reached XP level 5. HP: 20/39 MP: 5/5
  2473 | D:4      | Identified the +9 dagger of Outrage {flame, *Rage Str+2
                  | Stlth+}
  2499 | D:4      | Noticed an ogre
  2564 | D:3      | Gained mutation: You sometimes emit foul miasma when
                  | damaged in melee. [demonic ancestry]
  2564 | D:3      | Reached XP level 6. HP: 31/47 MP: 6/6
  2741 | D:4      | Found Obbimar's Antique Weapon Shoppe.
  2876 | D:4      | Noticed Eustachio
  2885 | D:4      | Killed Eustachio
  2917 | D:4      | You fall into a shaft and drop 2 floors!
  2918 | D:6      | Noticed a water moccasin
  2927 | D:6      | Killed a water moccasin
  2928 | D:6      | Reached XP level 7. HP: 52/52 MP: 7/7
  3039 | D:6      | Found a broken altar of Ashenzari.
  3047 | D:5      | Entered Level 5 of the Dungeon
  3150 | D:4      | Identified the +1 leather armour of the Burnt God {rElec
                  | Int+2 Dex-3}
  3501 | D:5      | Found a bloodstained altar of Trog.
  3554 | D:5      | Found a staircase to the Ecumenical Temple.
  3821 | D:5      | Reached XP level 8. HP: 58/58 MP: 8/8
  4105 | D:6      | Noticed Grinder
  4116 | D:6      | Killed Grinder
  4225 | D:6      | Reached skill level 10 in Polearms
  4313 | D:6      | Found a basalt altar of Yredelemnul.
  4667 | D:6      | Noticed Prince Ribbit
  4696 | D:6      | Killed Prince Ribbit
  4881 | D:6      | Found a hide-covered altar of Uskayaw.
  5285 | D:7      | Gained mutation: You regenerate health from kills. [demonic
                  | ancestry]
  5285 | D:7      | Reached XP level 9. HP: 42/63 MP: 9/9
  5683 | D:7      | Reached **** piety under Trog
  6506 | D:8      | Found a runed translucent door.
  6506 | D:8      | Found a shimmering altar of Xom.
  6506 | D:8      | Noticed NinjaNoafa's ghost (novice MeCj)
  6509 | D:8      | Noticed a +0 long sword of chaos
  6932 | D:8      | Found a sparkling altar of Nemelex Xobeh.
  7317 | D:9      | Noticed a cyclops
  7438 | D:9      | Killed a cyclops
  7439 | D:9      | Reached XP level 10. HP: 18/70 MP: 10/10
  7807 | D:9      | Found a hazy altar of Hepliaklqana.
  7807 | D:9      | Found a radiant altar of Vehumet.
  7845 | D:9      | Found an opulent altar of Gozag.
  8404 | D:9      | Noticed a gargoyle
  8413 | D:9      | Killed a gargoyle
  8941 | D:10     | Entered Level 10 of the Dungeon
  8988 | D:10     | Noticed a two-headed ogre
  9004 | D:10     | Killed a two-headed ogre
  9005 | D:10     | Reached skill level 5 in Fighting
  9092 | D:10     | Found a sacrificial altar of Ru.
  9162 | D:10     | Found a stormy altar of Qazlal.
  9333 | D:10     | Noticed a two-headed ogre
  9345 | D:10     | Killed a two-headed ogre
  9346 | D:10     | Reached skill level 5 in Dodging
  9594 | D:10     | Reached XP level 11. HP: 46/81 MP: 11/11
 10184 | D:11     | Identified the +2 pair of boots of Insatiable Hunger {*Slow
                  | Fly Regen+ Int-4}
 10197 | D:11     | Found a staircase to the Lair.
 10324 | D:11     | Found a portal to a secret trove of treasure.
 10498 | D:11     | Paralysed by a hornet for 3 turns
 10520 | D:11     | Noticed a boulder beetle
 10583 | D:11     | Killed a boulder beetle
 10659 | D:11     | Identified the +2 leather armour of Haxky {rElec rN+ rCorr
                  | Str-2}
 10659 | D:11     | Noticed a boulder beetle
 10688 | D:11     | Killed a boulder beetle
 10689 | D:11     | Noticed a two-headed ogre
 10717 | D:11     | Killed a two-headed ogre
 10737 | D:11     | Paralysed by a hornet for 3 turns
 11257 | D:11     | Reached ***** piety under Trog
 11280 | Lair:1   | Entered Level 1 of the Lair of Beasts
 11443 | Lair:1   | Identified a scroll of acquirement
 11443 | Lair:1   | Acquired a +0 glaive of protection
 11688 | Lair:1   | Identified the +1 scale mail "Lodu" {rPois Will- Str+8}
 11692 | Lair:1   | Found a dark tunnel.
 11697 | Volcano  | Entered a volcano
 11721 | Volcano  | Gained mutation: Your presence sometimes corrodes those you
                  | injure. [demonic ancestry]
 11721 | Volcano  | Reached XP level 12. HP: 96/96 MP: 12/12
 11981 | Volcano  | Reached skill level 10 in Fighting
 12138 | Volcano  | Found a burning altar of Makhleb.
 12346 | Lair:1   | You are sucked into a shaft and drop 1 floor!
 12675 | Lair:2   | Found a hole to the Spider Nest.
 12915 | Lair:2   | Found a staircase to the Swamp.
 12979 | Lair:2   | Reached skill level 10 in Dodging
 13599 | Lair:3   | Noticed an eight-headed hydra
 13645 | Lair:3   | Noticed a four-headed hydra
 13653 | Lair:3   | Killed a four-headed hydra
 13673 | Lair:3   | Killed an eight-headed hydra
 13858 | Lair:3   | Found a runed translucent door.
 13863 | Lair:3   | Noticed bronco's ghost (journeyman BaGl)
 13928 | Lair:3   | Noticed a death yak
 13936 | Lair:3   | Noticed a death yak
 13938 | Lair:3   | Noticed a death yak
 13944 | Lair:3   | Killed a death yak
 13965 | Lair:3   | Killed a death yak
 13970 | Lair:3   | Killed a death yak
 13971 | Lair:3   | Reached XP level 13. HP: 97/108 MP: 13/13
 14963 | Lair:4   | Found a staircase to the Slime Pits.
 14964 | Lair:4   | Found a viscous altar of Jiyva.
 15650 | Lair:5   | Entered Level 5 of the Lair of Beasts
 15659 | Lair:4   | Received a gift from Trog
 16631 | Lair:5   | Gained mutation: You regenerate a lot of health from kills.
                  | [demonic ancestry]
 16631 | Lair:5   | Reached XP level 14. HP: 120/120 MP: 14/14
 16815 | Lair:5   | Found a snail-covered altar of Cheibriados.
 17138 | Lair:5   | Found the +0 staff of Battle
 17149 | Lair:5   | Identified the +3 shortbow of the Twelve Hosts {heavy,
                  | Fragile rC++ Will+ rCorr}
 17426 | Lair:5   | Reached skill level 5 in Armour
 17531 | Lair:5   | Reached ****** piety under Trog
 17705 | Lair:5   | Upgraded the game from 0.30-a0-748-ge6a52f7cba to
                  | 0.30-a0-757-ga6a79fd877
 17900 | D:12     | Noticed Azrael
 17987 | D:12     | Killed Azrael
 18149 | D:12     | Received a gift from Trog
 18302 | D:12     | Found Opsyggel's Tremendous Tomes.
 18428 | D:12     | Found a staircase to the Orcish Mines.
 18463 | D:12     | Found a snail-covered altar of Cheibriados.
 19105 | D:13     | Found a transporter.
 19106 | D:13     | Noticed Fyzyjia Apiu's ghost (journeyman VSAK)
 19143 | D:13     | Noticed Josephine
 19164 | D:13     | Killed Josephine
 19375 | D:13     | Identified the +1 leather armour "Xisemu" {Rampage rN+}
 19381 | D:13     | Found a transporter.
 19662 | D:13     | Slain by a catoblepas

Illustrated notes

Levels and vault maps discovered:
D:1:      minmay_arrival_split_and_join, layout_basic, serial_shops,
          nicolae_shop_behind_doors
D:2:      layout_basic, nicolae_ecumenical_snake_handling, serial_bayou_crossing
D:3:      layout_loops_ring
D:4:      layout_basic, serial_shops, shop_statue, uniq_eustachio
D:5:      layout_gridville, general_overflow_altar,
          minmay_temple_entry_crystal_x, nicolae_eternal_life,
          grunt_decor_mini_mirrors
D:6:      layout_loops_ring, nicolae_uskayaw_dance_hall,
          evilmike_ruin_ashenzari, yredelemnul_forgotten_temple_becter,
          kennysheep_little_box, uniq_grinder, uniq_prince_ribbit1
D:7:      layout_loops_ring
D:8:      layout_basic, nemelex_xobeh_ov_fountains_minmay, serial_demonic,
          serial_demonic_e, serial_demonic_f, serial_demonic_d,
          serial_demonic_f, ebering_ghost_xom
D:9:      layout_loops_ring, chequers_temple_overflow_statue_of_worship,
          nicolae_gozag_cash_rules_everything_around_me, special_room
          [special_room_orc]
D:10:     layout_irregular_city, grunt_qazlal_sundering,
          nicolae_ru_awakened_eye, minmay_misc_feat_five
D:11:     minmay_imperfect_grid, layout_basic, lair_entry_dummy, enter_trove_2,
          minmay_misc_feat_rows, elyvilon_altar_3
D:12:     layout_basic, orc_0_dummy, nicolae_shop_i_like_big_books,
          slow_altar_1, uniq_azrael
D:13:     layout_loops_ring, gammafunk_ghost_berserking_beasts, uniq_josephine
Lair:1:   layout_hall_layers, nicolae_volcano_entry_s_turn
Lair:2:   layout_cave_pods, swamp_mist_pool, dummy_spider_entry,
          serial_bayou_lagoon_b
Lair:3:   layout_cave_pods, hellmonk_ghost_happy_afterlife, lemuel_fruit_fields
Lair:4:   layout_roguey, minmay_slime_entry_jelly_boxes,
          cheibrodos_lair_lostbears, infiniplex_staircase_pool_2
Lair:5:   minmay_lair_end_frog_pond, layout_regular_city,
          kennysheep_snail_temple

Skill      XL: |  1  2  3  4  5  6  7  8  9 10 11 12 13 14 |
---------------+-------------------------------------------+-----
Polearms       | 3 4 5 6 7 9 11 13 14 | 14.0
Dodging        | 5 8 11 13 14 | 14.0
Fighting       | 6 9 12 14 | 14.0
Armour         | 8 |  8.9

Action                     |  1- 3 |  4- 6 |  7- 9 | 10-12 | 13-15 || total
---------------------------+-------+-------+-------+-------+-------++-------
  Melee: Spear             |    99 |   134 |   174 |       |       ||   407
         Touch             |    10 |    22 |    44 |   135 |   181 ||   392
         Punch             |     2 |     1 |     4 |    11 |    16 ||    34
         Trident           |       |       |   157 |   732 |   872 ||  1761
         Glaive            |       |       |       |     4 |       ||     4
   Fire: Shortbow          |       |       |    21 |    57 |       ||    78
         Hand crossbow     |       |       |       |    31 |    64 ||    95
 Invoke: Berserk           |       |     6 |     8 |    13 |     7 ||    34
  Evoke: Wand              |       |       |       |     3 |       ||     3
    Use: Scroll            |       |       |     5 |    22 |    10 ||    37
         Potion            |       |       |     1 |     1 |       ||     2
   Stab: Sleeping          |     5 |       |     6 |     2 |     4 ||    17
         Distracted        |       |       |       |     1 |     2 ||     3
         Petrified         |       |       |       |       |     3 ||     3
 Armour: Animal skin       |     5 |       |       |       |       ||     5
         Scale mail        |     4 |    34 |     4 |       |       ||    42
         Leather armour    |       |       |    57 |    93 |   155 ||   305
         Acid dragon scale |       |       |       |     3 |       ||     3
  Dodge: Dodged            |    26 |    33 |   119 |   299 |   693 ||  1170

Table legend: (Time is in decaauts)
 A = Elapsed time spent in this place.
 B = Non-inter-level travel time spent in this place.
 C = Inter-level travel time spent in this place.
 D = Time resting spent in this place.
 E = Time spent auto-exploring this place.
 F = Levels seen in this place.
 G = Mean time per level.
                   A        B        C        D        E       F      G
               +--------+--------+--------+--------+--------+-----+--------+
         Total |  19295 |  18242 |   1053 |   2891 |  11232 |  19 | 1015.5 |
       Dungeon |  13114 |  12554 |    560 |   2193 |   7961 |  13 | 1008.8 |
          Lair |   5631 |   5139 |    492 |    619 |   3094 |   5 | 1126.2 |
       Volcano |    549 |    549 |      0 |     78 |    177 |   1 |  549.0 |
               +--------+--------+--------+--------+--------+-----+--------+

Top non-repeatable levels by time:
  Lair:4: 1793 daAuts
    D:11: 1574 daAuts
     D:8: 1396 daAuts
     D:9: 1275 daAuts
  Lair:5: 1227 daAuts
     D:6: 1178 daAuts
  Lair:3: 1161 daAuts
  Lair:2: 1047 daAuts
     D:3: 1023 daAuts
     D:7: 1001 daAuts
    D:10: 948 daAuts
     D:2: 927 daAuts
    D:12: 915 daAuts
     D:5: 832 daAuts
    D:13: 753 daAuts
